MLB
PHILADELPHIA PHILLIES @ SAN FRANCISCO GIANTS
08/09/2098
 
TOP OF THE 1ST
Philadelphia Phillies batting - Pitching for San Francisco Giants : RHP Andy Cote
Pitching: RHP Andy Cote
Batting: RHB Ryan Klepper 0-0: Called Strike
0-1: Ball
1-1: Swinging Strike
1-2: Ball
2-2: Strikes out swinging
Batting: SHB Tim Spotton 0-0: Called Strike
0-1: Swinging Strike
0-2: Ball
1-2: Foul Ball, location: 5F
1-2: Ball
2-2: Foul Ball, location: 2F
2-2: Reached on error, E6 (Groundball, 6, EV 103.8 MPH)
Batting: SHB Pete Ray 0-0: Foul Ball, location: 7LSF
0-1: Foul Ball, location: 3FF
0-2: Foul Ball, location: 7LSF
0-2: Strikes out swinging
Batting: RHB David Schafer 0-0: Called Strike
0-1: Called Strike
0-2: Ball
1-2: Strikes out swinging
Top of the 1st over - 0 runs, 0 hits, 1 error, 1 left on base; Philadelphia 0 - San Francisco 0
BOTTOM OF THE 1ST
San Francisco Giants batting - Pitching for Philadelphia Phillies : RHP Kyle O'Brien
Pitching: RHP Kyle O'Brien
Batting: RHB Erik Mulloy 0-0: Ball
1-0: DOUBLE (Flyball, 8RXD, EV 110.6 MPH)
Batting: RHB Masataka Kato 0-0: Ball
1-0: Ball
2-0: Foul Ball, location: 7LMF
2-1: Fly out, F8 (Flyball, 78M, EV 80.6 MPH)
Batting: LHB Daniel Cipolla 0-0: Ball
1-0: Ball
2-0: Ball
3-0: Base on Balls
Batting: RHB David Bishop 0-0: DOUBLE (Flyball, 8LXD, EV 101.9 MPH)
Erik Mulloy scores
Daniel Cipolla to third
Runner from 3rd tries for Home, SAFE, throw by CF to home
Batting: LHB Kevin Shaw 0-0: Ball
1-0: Fly out, F8 (Flyball, 8RM, EV 89.4 MPH)
Batting: LHB Eric Plaunt 0-0: Called Strike
0-1: Fly out, F7 (Line Drive, 7, EV 91.9 MPH)
Bottom of the 1st over - 2 runs, 2 hits, 0 errors, 1 left on base; Philadelphia 0 - San Francisco 2
TOP OF THE 2ND
Philadelphia Phillies batting - Pitching for San Francisco Giants : RHP Andy Cote
Batting: RHB Vicente Vargas 0-0: Ball
1-0: Ball
2-0: Called Strike
2-1: Swinging Strike
2-2: Strikes out swinging
Batting: RHB Luis Esquivel 0-0: Swinging Strike
0-1: Ball
1-1: Foul Ball, location: 3DF
1-2: Foul Ball, location: 2F
1-2: Foul Ball, location: 7LMF
1-2: Foul Ball, location: 2F
1-2: Strikes out swinging
Batting: RHB Chad Larson 0-0: Ball
1-0: Called Strike
1-1: Foul Ball, location: 2F
1-2: Fly out, F8 (Flyball, 8RM, EV 96.9 MPH)
Top of the 2nd over - 0 runs, 0 hits, 0 errors, 0 left on base; Philadelphia 0 - San Francisco 2
BOTTOM OF THE 2ND
San Francisco Giants batting - Pitching for Philadelphia Phillies : RHP Kyle O'Brien
Batting: LHB Lindsay Foreman 0-0: Ball
1-0: Called Strike
1-1: Ball
2-1: Fly out, F7 (Flyball, 7, EV 100.6 MPH)
Batting: RHB Kevin Mosemann 0-0: Ball
1-0: Foul Ball, location: 9LSF
1-1: Foul Ball, location: 5F
1-2: Strikes out looking
Batting: RHB Dave Melton 0-0: SINGLE (Groundball, 6MD, EV 102.5 MPH) (infield hit)
Batting: RHB Erik Mulloy 0-0: Ball
1-0: Ball
2-0: Ball
Dave Melton steals 2nd base (no throw)
3-0: Base on Balls
Batting: RHB Masataka Kato 0-0: Foul Ball, location: 2F
0-1: Ball
1-1: Fly out, F8 (Flyball, 78M, EV 94.4 MPH)
Bottom of the 2nd over - 0 runs, 1 hit, 0 errors, 2 left on base; Philadelphia 0 - San Francisco 2
TOP OF THE 3RD
Philadelphia Phillies batting - Pitching for San Francisco Giants : RHP Andy Cote
Batting: RHB Jason Waid 0-0: Ball
1-0: Ball
2-0: Ball
3-0: Base on Balls
Batting: RHB Josh Hester 0-0: Called Strike
0-1: Swinging Strike
0-2: Strikes out looking
Batting: RHB Ryan Klepper 0-0: Ball
1-0: Called Strike
1-1: Ground out 4-3 (Groundball, 34, EV 90.0 MPH)
Jason Waid to second
Batting: SHB Tim Spotton 0-0: Called Strike
0-1: Ball
1-1: Fly out, F8 (Flyball, 8LM, EV 90.6 MPH)
Top of the 3rd over - 0 runs, 0 hits, 0 errors, 1 left on base; Philadelphia 0 - San Francisco 2
BOTTOM OF THE 3RD
San Francisco Giants batting - Pitching for Philadelphia Phillies : RHP Kyle O'Brien
Batting: LHB Daniel Cipolla 0-0: Ball
1-0: Ball
2-0: Called Strike
2-1: Foul Ball, location: 23FF
2-2: SINGLE (Line Drive, 34D, EV 106.9 MPH)
Batting: RHB David Bishop 0-0: Called Strike
0-1: Ball
1-1: Ball
2-1: Fielders Choice at 2nd, 5-4 (Groundball, 5L, EV 99.4 MPH)
Batting: LHB Kevin Shaw 0-0: Ball
David Bishop steals 2nd base
1-0: Swinging Strike
1-1: Foul Ball, location: 7LSF
1-2: Ball
2-2: Foul Ball, location: 2F
2-2: 2-RUN HOME RUN (Flyball, 7D, EV 103.8 MPH), Distance : 388 ft
Batting: LHB Eric Plaunt 0-0: Foul Ball, location: 5SF
0-1: Called Strike
0-2: Strikes out swinging
Batting: LHB Lindsay Foreman 0-0: Ground out 6-3 (Groundball, 6, EV 87.5 MPH)
Bottom of the 3rd over - 2 runs, 2 hits, 0 errors, 0 left on base; Philadelphia 0 - San Francisco 4
TOP OF THE 4TH
Philadelphia Phillies batting - Pitching for San Francisco Giants : RHP Andy Cote
Batting: SHB Pete Ray 0-0: Ball
1-0: Foul Ball, location: 7LDF
1-1: Called Strike
1-2: Ball
2-2: Foul Ball, location: 2F
2-2: SINGLE (Line Drive, 8RS, EV 91.3 MPH)
Batting: RHB David Schafer 0-0: Ball
1-0: Grounds into double play, 5-4-3 (Groundball, 5, EV 81.9 MPH)
Batting: RHB Vicente Vargas 0-0: Ball
1-0: Swinging Strike
1-1: Ball
2-1: Ball
3-1: Base on Balls
Batting: RHB Luis Esquivel 0-0: Called Strike
Vicente Vargas is caught stealing 2nd base 2-4
Top of the 4th over - 0 runs, 1 hit, 0 errors, 0 left on base; Philadelphia 0 - San Francisco 4
BOTTOM OF THE 4TH
San Francisco Giants batting - Pitching for Philadelphia Phillies : RHP Kyle O'Brien
Batting: RHB Kevin Mosemann 0-0: Foul Ball, location: 2F
0-1: Ball
1-1: Called Strike
1-2: Ball
2-2: Ball
3-2: Fly out, F8 (Flyball, 8LM, EV 84.4 MPH)
Batting: RHB Dave Melton 0-0: Called Strike
0-1: SINGLE (Line Drive, 8LS, EV 89.4 MPH)
Batting: RHB Erik Mulloy 0-0: Ball
Dave Melton steals 2nd base
1-0: SINGLE (Groundball, 34S, EV 69.4 MPH) (infield hit)
Dave Melton to third
Batting: RHB Masataka Kato 0-0: Called Strike
0-1: Ball
1-1: Ball
2-1: Foul Ball, location: 3SF
2-2: Ball
3-2: DOUBLE (Line Drive, 78D, EV 109.4 MPH)
Dave Melton scores
Erik Mulloy to third
Runner from 3rd tries for Home, SAFE, throw by LF to trailing runner, SAFE at third!
Pitching: RHP Chris Sexton
Batting: LHB Daniel Cipolla 0-0: Called Strike
0-1: Ball
1-1: Fly out, F8 (Line Drive, 89S, EV 92.5 MPH)
Runner from 3rd tags up, SCORES, throw by CF
Batting: RHB David Bishop 0-0: Ground out 6-3 (Groundball, 6, EV 83.1 MPH)
Bottom of the 4th over - 3 runs, 3 hits, 0 errors, 0 left on base; Philadelphia 0 - San Francisco 7
TOP OF THE 5TH
Philadelphia Phillies batting - Pitching for San Francisco Giants : RHP Andy Cote
Batting: RHB Luis Esquivel 0-0: Ball
1-0: Called Strike
1-1: Foul Ball, location: 5SF
1-2: Foul Ball, location: 25F
1-2: Foul Ball, location: 9LMF
1-2: Strikes out swinging
Batting: RHB Chad Larson 0-0: Called Strike
0-1: SOLO HOME RUN (Flyball, 78XD, EV 108.1 MPH), Distance : 428 ft
Batting: RHB Jason Waid 0-0: Ball
1-0: Ground out 6-3 (Groundball, 6, EV 84.4 MPH)
Batting: RHB Josh Hester 0-0: Called Strike
0-1: Swinging Strike
0-2: Ball
1-2: Foul Ball, location: 3DF
1-2: Strikes out swinging
Top of the 5th over - 1 run, 1 hit, 0 errors, 0 left on base; Philadelphia 1 - San Francisco 7
BOTTOM OF THE 5TH
San Francisco Giants batting - Pitching for Philadelphia Phillies : RHP Chris Sexton
Batting: LHB Kevin Shaw 0-0: Called Strike
0-1: Foul Ball, location: 2RF
0-2: Fly out, F9 (Flyball, 9LS, EV 93.1 MPH)
Batting: LHB Eric Plaunt 0-0: Swinging Strike
0-1: Ball
1-1: Swinging Strike
1-2: Ball
2-2: Foul Ball, location: 3F
2-2: Strikes out swinging
Batting: LHB Lindsay Foreman 0-0: Ball
1-0: Ball
2-0: Ball
3-0: Fly out, F8 (Flyball, 8RXD, EV 95.6 MPH)
Bottom of the 5th over - 0 runs, 0 hits, 0 errors, 0 left on base; Philadelphia 1 - San Francisco 7
TOP OF THE 6TH
Philadelphia Phillies batting - Pitching for San Francisco Giants : RHP Andy Cote
Batting: RHB Ryan Klepper 0-0: Called Strike
0-1: Ball
1-1: Foul Ball, location: 25F
1-2: Ball
2-2: Ball
3-2: Strikes out swinging
Batting: SHB Tim Spotton 0-0: Called Strike
0-1: Ball
1-1: Foul Ball, location: 3FF
1-2: Strikes out swinging
Batting: SHB Pete Ray 0-0: Swinging Strike
0-1: Foul Ball, location: 23FF
0-2: Ball
1-2: Foul Ball, location: 7LMF
1-2: Strikes out looking
Top of the 6th over - 0 runs, 0 hits, 0 errors, 0 left on base; Philadelphia 1 - San Francisco 7
BOTTOM OF THE 6TH
San Francisco Giants batting - Pitching for Philadelphia Phillies : RHP Chris Sexton
Batting: RHB Kevin Mosemann 0-0: Called Strike
0-1: Foul Ball, location: 3FF
0-2: Fly out, F8 (Flyball, 8RS, EV 92.5 MPH)
Batting: RHB Dave Melton 0-0: Ball
1-0: Called Strike
1-1: Swinging Strike
1-2: Ball
2-2: Foul Ball, location: 2F
2-2: Foul Ball, location: 3SF
2-2: Strikes out looking
Batting: RHB Erik Mulloy 0-0: Called Strike
0-1: Ball
1-1: Ball
2-1: Fly out, F8 (Line Drive, 8LM, EV 86.3 MPH)
Bottom of the 6th over - 0 runs, 0 hits, 0 errors, 0 left on base; Philadelphia 1 - San Francisco 7
TOP OF THE 7TH
Philadelphia Phillies batting - Pitching for San Francisco Giants : RHP Andy Cote
Pitching: RHP Burke Rohrabaugh
Now at SS: Bryce Bissinger
Now in LF: Ernesto Pelayo
Batting: RHB David Schafer 0-0: Foul Ball, location: 23F
0-1: Ball
1-1: Ball
2-1: Swinging Strike
2-2: Strikes out swinging
Batting: RHB Vicente Vargas 0-0: Called Strike
0-1: Foul Ball, location: 5FF
0-2: Ball
1-2: Strikes out swinging
Batting: RHB Luis Esquivel 0-0: Foul Ball, location: 2F
0-1: Called Strike
0-2: Fly out, F3 (Popup, 34, EV 65.6 MPH)
Top of the 7th over - 0 runs, 0 hits, 0 errors, 0 left on base; Philadelphia 1 - San Francisco 7
BOTTOM OF THE 7TH
San Francisco Giants batting - Pitching for Philadelphia Phillies : RHP Chris Sexton
Batting: RHB Masataka Kato 0-0: Fly out, F9 (Flyball, 89M, EV 88.1 MPH)
Batting: LHB Daniel Cipolla 0-0: Ball
1-0: Called Strike
1-1: Foul Ball, location: 2F
1-2: Ball
2-2: Ball
3-2: Foul Ball, location: 3SF
3-2: Base on Balls
Pitching: RHP Chris Windows
Batting: RHB David Bishop 0-0: Called Strike
0-1: Ball
1-1: Called Strike
1-2: Foul Ball, location: 7LMF
1-2: Strikes out swinging
Batting: LHB Kevin Shaw 0-0: Foul Ball, location: 23F
0-1: Swinging Strike
0-2: Foul Ball, location: 2F
0-2: Strikes out looking
Bottom of the 7th over - 0 runs, 0 hits, 0 errors, 1 left on base; Philadelphia 1 - San Francisco 7
TOP OF THE 8TH
Philadelphia Phillies batting - Pitching for San Francisco Giants : RHP Burke Rohrabaugh
Now at C: Ben Presley
Now at 1B: Greg Schaefer
Batting: RHB Chad Larson 0-0: Foul Ball, location: 5FF
0-1: Swinging Strike
0-2: Strikes out looking
Batting: RHB Jason Waid 0-0: Swinging Strike
0-1: Swinging Strike
0-2: Strikes out swinging
Batting: RHB Josh Hester 0-0: Ball
1-0: SINGLE (Line Drive, 6MD, EV 97.5 MPH)
Batting: RHB Ryan Klepper 0-0: Fly out, F4 (Popup, 34, EV 61.3 MPH)
Top of the 8th over - 0 runs, 1 hit, 0 errors, 1 left on base; Philadelphia 1 - San Francisco 7
BOTTOM OF THE 8TH
San Francisco Giants batting - Pitching for Philadelphia Phillies : RHP Chris Windows
Batting: LHB Eric Plaunt 0-0: Foul Ball, location: 9LSF
0-1: Ball
1-1: Swinging Strike
1-2: Strikes out looking
Batting: LHB Ernesto Pelayo 0-0: Ball
1-0: Ball
2-0: Called Strike
2-1: Called Strike
2-2: Fly out, F6 (Popup, 6M, EV 60.6 MPH)
Batting: LHB Bryce Bissinger 0-0: Ball
1-0: Ball
2-0: Ball
3-0: Called Strike
3-1: Foul Ball, location: 2F
3-2: Base on Balls
Batting: RHB Dave Melton 0-0: Foul Ball, location: 25F
0-1: Swinging Strike
0-2: Strikes out swinging
Bottom of the 8th over - 0 runs, 0 hits, 0 errors, 1 left on base; Philadelphia 1 - San Francisco 7
TOP OF THE 9TH
Philadelphia Phillies batting - Pitching for San Francisco Giants : RHP Burke Rohrabaugh
Batting: SHB Tim Spotton 0-0: Called Strike
0-1: Swinging Strike
0-2: Foul Ball, location: 7LMF
0-2: Strikes out swinging
Batting: SHB Pete Ray 0-0: Swinging Strike
0-1: Foul Ball, location: 2F
0-2: SINGLE (Groundball, 4MD, EV 100.6 MPH)
Batting: RHB David Schafer 0-0: Ball
1-0: Foul Ball, location: 23FF
1-1: Foul Ball, location: 7LSF
1-2: Ball
2-2: Strikes out swinging
Batting: RHB Vicente Vargas 0-0: Foul Ball, location: 25F
0-1: SINGLE (Line Drive, 78M, EV 105.0 MPH)
Pete Ray to second
Batting: RHB Luis Esquivel 0-0: Ball
1-0: Swinging Strike
1-1: Called Strike
1-2: Foul Ball, location: 2F
1-2: TRIPLE (Flyball, 89XD, EV 102.5 MPH)
Pete Ray scores
Vicente Vargas scores
Pitching: RHP Adam Newman
Batting: RHB Chad Larson 0-0: Ground out 6-3 (Groundball, 6, EV 80.0 MPH)
Top of the 9th over - 2 runs, 3 hits, 0 errors, 1 left on base; Philadelphia 3 - San Francisco 7
Friday, April 12th , 2024 - OOTP Baseball 24.11 Build 85